 Dungeon Crawl Stone Soup version 0.21-a0-404-g291f19a (webtiles) character file.

1 Gorice the Digger (level 1, -3/14 HPs)
             Began as a Demonspawn Wanderer on Oct 28, 2017.
             Slain by a goblin
             ... wielding a +0 dagger
              (5 damage)
             ... on level 1 of the Dungeon.
             The game lasted 00:02:37 (174 turns).

Gorice the Digger (Demonspawn Wanderer)              Turns: 174, Time: 00:02:38

Health: -3/14      AC:  2    Str: 10    XL:     1   Next: 16%
Magic:  3/3        EV: 11    Int: 14    God:
Gold:   0          SH:  0    Dex: 13    Spells: 4/4 levels left

rFire    . . .     SeeInvis .   g - +0 whip
rCold    . . .     Gourm    .   (no shield)
rNeg     . . .     Faith    .   d - +0 robe
rPois    .         Spirit   .   (no helmet)
rElec    .         Reflect  .   (no cloak)
rCorr    .         Harm     .   (no gloves)
MR       .....                  (no boots)
Stlth    +.........             (no amulet)
HPRegen  0.04/turn              (no ring)
MPRegen  0.08/turn              (no ring)

@: no status effects
A: no striking features
a: no special abilities


You were on level 1 of the Dungeon.
You were not hungry.

You visited 1 branch of the dungeon, and saw 1 of its levels.

Inventory:

Hand Weapons
 e - a +0 dagger
 g - a +0 whip (weapon)
Armour
 d - a +0 robe (worn)
Books
 a - a book of Geomancy
 b - the Compendium of Orientation

   Spells                             Type                      Level
   a - Shroud of Golubria             Charms/Translocation         2
   b - Blink                          Translocation                2
 c - the Catalogue of Fixation

   Spells                             Type                      Level
   a - Sting                          Conjuration/Poison           1
   b - Ignite Poison                  Fire/Transmutation/Poison    3
Comestibles
 f - a bread ration {!e}
 h - 2 chunks of flesh


   Skills:
 + Level 0.4 Fighting
 - Level 1.0 Throwing
   Level 1.0 Shields
 - Level 2.0 Spellcasting
   Level 2.0 Hexes
   Level 2.6 Earth Magic
   Level 1.0 Poison Magic


You had 4 spell levels left.
You didn't know any spells.

Dungeon Overview and Level Annotations

Branches:
Dungeon (1/15)

Altars:


Message History

You hit the goblin.
You kill the goblin!
Things that are here:
a dagger; a goblin corpse You butcher the goblin corpse.
h - 2 chunks of flesh You see here a dagger.
Found a stone staircase leading down.
There is a stone staircase leading down here.
You open the door.
There is an open door here.
A goblin comes into view. It is wielding a dagger.
There is an open door here.
Found a coppery potion.
The goblin shouts!
A bat comes into view.
The bat closely misses you. The bat barely misses you.
You closely miss the bat. The bat hits you but does no damage.
You closely miss the goblin. The goblin hits you with a dagger.
Damage: 3 (max 3)
You miss the goblin. The goblin hits you but does no damage.
You closely miss the goblin. The goblin hits you with a dagger.
The goblin hits you but does no damage.
Damage: 2 (max 3)
You hit the goblin.
The goblin is moderately wounded.
The goblin hits you with a dagger.
Damage: 1 (max 3)
You closely miss the goblin.
The goblin is moderately wounded.
The goblin hits you with a dagger.
* * * LOW HITPOINT WARNING * * *
Damage: 1 (max 3)
You barely miss the goblin.
The goblin is moderately wounded.
The goblin hits you with a dagger.
* * * LOW HITPOINT WARNING * * *
Damage: 1 (max 3)
You closely miss the goblin.
The goblin is moderately wounded.
The goblin barely misses you.
You barely miss the goblin.
The goblin is moderately wounded.
The goblin hits you with a dagger.
* * * LOW HITPOINT WARNING * * *
Damage: 4 (max 4)
You barely miss the goblin.
The goblin is moderately wounded.
The goblin hits you with a dagger.
You die...

#. ####.### #........#
### # #.###..#.###.##
.. #.............#
##.#..#..##.###.##
#!....#.. #.###.# #
........###.#...# #.#
#......bg@..#...# #.##
#.##...#####...# ...#
#..## ##.### ...# #..#
###....#.# ...#
##+##..# #........#
...# ##...#.#
##...P.P...# ...#
##......# #...P♣.PPP.#
...###.♣♣.♣..##
#..P♣.♣♣...#
...##..♣..♣♣..###...P♣♣
...#


You could see a goblin and a bat.

Vanquished Creatures
  A goblin (D:1)
1 creature vanquished.

Notes
Turn   | Place    | Note
-------+----------+-------------------------------------------
     0 | D:1      | Gorice the Demonspawn Wanderer began the quest for the Orb.
     0 | D:1      | Gorice set off with: a book of Geomancy, the Compendium of Orientation, the Catalogue of Fixation, a +0 robe, a +0 dagger, a bread ration {!e}
     0 | D:1      | Reached XP level 1. HP: 13/13 MP: 3/3
     0 | D:1      | Identified the Compendium of Orientation
     0 | D:1      | Identified the Catalogue of Fixation
   173 | D:1      | HP: 2/14 [goblin/dagger (4)]
   174 | D:1      | Slain by a goblin

Vault maps used:
D:1:      lightli_arrival_statue_moat, serial_forest,
          infiniplex_forest_lined_room_, infiniplex_forest_straight_4,
          infiniplex_forest_clump_curved, infiniplex_forest_clump_medium,
          infiniplex_forest_zigzag_2, infiniplex_forest_lined_3_way,
          infiniplex_forest_zigzag_1, infiniplex_forest_straight_3,
          infiniplex_forest_straight_1, doesnt_xom_only_xom

Action                   || total
-------------------------++-------
Melee: Whip              ||    16
Armor: Robe              ||     3
Dodge: Dodged            ||     6

Table legend:
 A = Spawn XP
 B = Non-spawn XP
 C = Spawn XP percentage of total XP
 D = Spawn monster count
 E = Non-spawn monster count
 F = Spawn count percentage of total count
 G = Total turns spent on level
                    A         B        C        D         E        F      G
               +---------+---------+-------+---------+---------+-------+---------
         Total |       0 |       2 |   0.0 |       0 |       1 |   0.0 |   174
               +---------+---------+-------+---------+---------+-------+---------
           D:1 |       0 |       2 |   0.0 |       0 |       1 |   0.0 |   174
               +---------+---------+-------+---------+---------+-------+---------

Table legend:
 A = Turns spent in this place as a percentage of turns spent in the entire game.
 B = Non-inter-level travel turns spent in this place as a percentage of non-inter-level travel turns spent in the entire game.
 C = Inter-level travel turns spent in this place as a percentage of turns spent in this place.
 D = Turns resting spent in this place as a percentage of non-inter-level travel turns spent in this place.
 E = Turns spent auto-exploring this place as a percentage of non-inter-level travel turns spent in this place.
 F = Non-inter-level travel turns spent in this place divided by the number of levels of this place that you've seen.
                   A       B       C       D       E      F
               +-------+-------+-------+-------+-------+----------------------
         Total | 100.0 | 100.0 |   0.0 |   0.0 |  36.2 | 174.0
       Dungeon | 100.0 | 100.0 |   0.0 |   0.0 |  36.2 | 174.0
               +-------+-------+-------+-------+-------+----------------------

Vault maps used:
D:1:      lightli_arrival_statue_moat, serial_forest,
          infiniplex_forest_lined_room_, infiniplex_forest_straight_4,
          infiniplex_forest_clump_curved, infiniplex_forest_clump_medium,
          infiniplex_forest_zigzag_2, infiniplex_forest_lined_3_way,
          infiniplex_forest_zigzag_1, infiniplex_forest_straight_3,
          infiniplex_forest_straight_1, doesnt_xom_only_xom
